[Event "Titled Tuesday Blitz May 25 2021"]
[White "Sihite, Chelsie Monica Ignesias"]
[Black "Turzo, Attila"]
[WhiteFideId "7101198"]
[BlackFideId "704954"]
[WhiteElo "2224"]
[BlackElo "2501"]
[Result "0-1"]
[Round "10"]
[TimeControl "180+1"]
[Date "2021.05.25"]
[WhiteClock "0:02:14"]
[BlackClock "0:02:05"]

1. c4 c6 2. g3 d5 3. Bg2 Nf6 4. cxd5 cxd5 5. Nf3 Nc6 6. O-O Bf5 7. d4 e6 8. Nc3 Be7 9. Bf4 h6 10. Rc1 O-O 11. Nb5 Rc8 12. Ne5 a6 13. Nxc6 Rxc6 14. Rxc6 bxc6 15. Nc3 c5 16. dxc5 Bxc5 17. Qa4 Qb6 18. Be5 Ng4 19. Bf4 Nxf2 20. Rxf2 Bxf2+ 21. Kf1 Be3 22. Bxe3 Qxe3 23. Qxa6 Qc1+ 24. Kf2 Qxb2 25. Nb5 Bd3 26. a4 Qxe2+ 27. Kg1 Qe3+ 28. Kh1 Qe1+ 29. Bf1 Qxf1# 0-1


[Site "https://www.chess.com"]

[Event "Titled Tuesday Blitz May 25 2021"]
[White "Sjugirov, Sanan"]
[Black "Jarovinsky, Alexey"]
[WhiteFideId "4189302"]
[BlackFideId "14115131"]
[WhiteElo "2472"]
[BlackElo "2446"]
[Result "1-0"]
[Round "10"]
[TimeControl "180+1"]
[Date "2021.05.25"]
[WhiteClock "0:00:04"]
[BlackClock "0:00:09"]

1. d4 e6 2. Nf3 Nf6 3. Bg5 Be7 4. Nbd2 Nd5 5. Bxe7 Qxe7 6. e3 b6 7. c4 Nf6 8. Bd3 Bb7 9. e4 d6 10. O-O e5 11. Re1 g6 12. Nb1 Nc6 13. Nc3 exd4 14. Nd5 Qd8 15. e5 dxe5 16. Nxe5 O-O 17. Nxf6+ Qxf6 18. Nd7 Qd6 19. Nxf8 Rxf8 20. Be4 Nd8 21. Qf3 Bxe4 22. Qxe4 Ne6 23. Rad1 Rd8 24. h4 h5 25. Qe5 a5 26. Qxd6 Rxd6 27. b3 Kf8 28. g3 Ke7 29. Kg2 Kd7 30. Re5 Kc6 31. Kf3 f6 32. Ree1 Kc5 33. Ke2 Kb4 34. Kd2 Ka3 35. Kc2 a4 36. bxa4 Kb4 37. Rb1+ Kxc4 38. Kd2 c5 39. Rb3 Nc7 40. Rc1+ Kd5 41. Rcb1 Na8 42. Rb5 Rd7 43. a5 bxa5 44. Rc1 Rc7 45. Rb8 Ra7 46. Rd8+ Kc6 47. Rxd4 Nc7 48. Rd8 Ne6 49. Rc8+ Kd5 50. Rg8 g5 51. hxg5 fxg5 52. Rh1 Rb7 53. Kc3 Rf7 54. Rd1+ Ke5 55. Re1+ Kd5 56. Rd1+ Kc6 57. Rg6 Re7 58. Kc4 Kc7 59. Re1 Kd6 60. f4 gxf4 61. gxf4 Kd7 62. f5 Nd4 63. Rxe7+ Kxe7 64. Rg5 h4 65. Rh5 Nf3 66. Kxc5 Kf6 67. Kb5 Ke5 68. Kxa5 Kf4 69. f6 Kg4 70. Rh8 Ne5 71. Kb5 Kg5 72. a4 Kxf6 73. Rxh4 Ke6 74. Re4 1-0


[Site "https://www.chess.com"]

[Event "Titled Tuesday Blitz May 25 2021"]
[White "Skatchkov, Pavel"]
[Black "Grochal, Joey"]
[WhiteFideId "4121848"]
[BlackFideId "1019945"]
[WhiteElo "2476"]
[BlackElo "2265"]
[Result "1/2-1/2"]
[Round "10"]
[TimeControl "180+1"]
[Date "2021.05.25"]
[WhiteClock "0:01:48"]
[BlackClock "0:00:46"]

1. d4 Nf6 2. c4 e6 3. Nf3 d5 4. g3 Be7 5. Bg2 O-O 6. O-O dxc4 7. Qc2 a6 8. a4 Bd7 9. Qxc4 Bc6 10. Bg5 a5 11. Nc3 Na6 12. e3 Nb4 13. Rfd1 Nfd5 14. Bxe7 Qxe7 15. Ne5 Nxc3 16. Nxc6 Nxc6 17. bxc3 Qd6 18. Rab1 Ra7 19. Rb5 Nd8 20. f4 c6 21. Rb6 f5 22. Rdb1 Rf7 23. Qd3 Rc7 24. c4 Nf7 25. c5 Qd8 26. Qb3 Qc8 27. Bf1 Kf8 28. Bc4 Ke7 29. e4 g6 30. Re1 Nd8 31. exf5 gxf5 32. Qd1 Qd7 33. Qh5 Qxd4+ 34. Kg2 Qxc4 35. Qg5+ Ke8 36. Qg8+ Ke7 37. Qg5+ Ke8 38. Qg8+ Ke7 39. Qg5+ 1/2-1/2


[Site "https://www.chess.com"]

[Event "Titled Tuesday Blitz May 25 2021"]
[White "Song, Julien"]
[Black "Arpita, Mukherjee"]
[WhiteFideId "659487"]
[BlackFideId "5056403"]
[WhiteElo "2225"]
[BlackElo "1934"]
[Result "1/2-1/2"]
[Round "10"]
[TimeControl "180+1"]
[Date "2021.05.25"]
[WhiteClock "0:00:11"]
[BlackClock "0:00:19"]

1. d4 Nf6 2. c4 g6 3. Nc3 Bg7 4. e4 d6 5. Nf3 O-O 6. Be2 e5 7. O-O Nc6 8. d5 Ne7 9. b4 Ne8 10. Re1 a5 11. bxa5 f5 12. Bf1 Rxa5 13. a4 f4 14. Ba3 h6 15. Bb4 Ra8 16. c5 g5 17. cxd6 cxd6 18. Nb5 g4 19. Nd2 Ng6 20. Nc4 g3 21. Qh5 gxf2+ 22. Kxf2 Nh4 23. Ra3 Nf6 24. Qd1 Ng4+ 25. Kg1 Qg5 26. Nd2 Ne3 27. Qe2 f3 28. Qxe3 f2+ 29. Kh1 fxe1=Q 30. Qxe1 Bd7 31. Rg3 Qf6 32. Bxd6 Rf7 33. Bc5 Rxa4 34. Nd6 Rf8 35. Bc4 Kh8 36. Nxb7 Rc8 37. Qg1 Ng6 38. Nd6 Rxc5 39. Qxc5 Ra1+ 40. Nf1 Rxf1+ 41. Bxf1 Qxf1+ 42. Qg1 Qf6 43. Nc4 Nf4 44. Rf3 h5 45. g3 Bg4 46. Rf1 Qg6 47. gxf4 Qxe4+ 48. Qg2 Qxc4 49. h3 Be2 50. Rg1 Bg4 51. hxg4 Qxf4 52. gxh5 Qh4+ 53. Qh2 Qe4+ 54. Rg2 Qxd5 55. Qg3 Qd1+ 56. Kh2 Qxh5+ 57. Kg1 Qd1+ 58. Kh2 Qh5+ 59. Qh3 Qxh3+ 60. Kxh3 Kh7 61. Kg4 Kg6 62. Kf3+ Kf6 63. Ke4 Bh6 64. Rf2+ Bf4 65. Rf3 Kg5 66. Rf1 Kf6 67. Rd1 Kg5 68. Rd5 Kg4 69. Rb5 Kg5 70. Rb3 Kf6 71. Rb7 Kg5 72. Rf7 Kg6 73. Rf5 Kg7 74. Kd5 Kg6 75. Ke4 Kg7 76. Rh5 Kg6 77. Rh3 Kf6 78. Rf3 Ke6 79. Rf1 Kf6 80. Rd1 Kg5 81. Kf3 Kf6 82. Ke4 1/2-1/2


[Site "https://www.chess.com"]

[Event "Titled Tuesday Blitz May 25 2021"]
[White "Spata, German"]
[Black "Starozhilov, Leonid"]
[WhiteFideId "113026"]
[BlackFideId "14106752"]
[WhiteElo "2238"]
[BlackElo "2411"]
[Result "1/2-1/2"]
[Round "10"]
[TimeControl "180+1"]
[Date "2021.05.25"]
[WhiteClock "0:00:08"]
[BlackClock "0:01:08"]

1. d4 Nf6 2. Bf4 g6 3. Nc3 d6 4. e4 Bg7 5. Qd2 Nc6 6. O-O-O O-O 7. f3 a6 8. Bh6 e5 9. Bxg7 Kxg7 10. Nge2 b5 11. h4 h5 12. dxe5 Nxe5 13. Nf4 Bb7 14. Be2 b4 15. Ncd5 Bxd5 16. Nxd5 Nxd5 17. Qxd5 Qf6 18. Kb1 a5 19. Rdf1 c6 20. Qd2 d5 21. f4 Nc4 22. Bxc4 dxc4 23. f5 c3 24. Qe2 Rfe8 25. g4 a4 26. gxh5 gxf5 27. Rhg1+ Kh8 28. Qf3 b3 29. Qxc3 bxc2+ 30. Qxc2 a3 31. Rxf5 Qd4 32. Qc3 Rxe4 33. Qxd4+ Rxd4 34. Rxf7 Rb8 35. Rf2 Rdb4 36. b3 c5 37. Rf6 Kh7 38. Rf7+ Kh6 39. Rf6+ Kh7 40. Rf7+ Kh6 41. Rc7 c4 42. Rc6+ Kxh5 43. Rc5+ Kh6 44. Rc6+ Kh7 45. Rc7+ Kh8 46. Rg3 cxb3 47. Rxb3 Rxb3+ 48. axb3 Rxb3+ 49. Ka2 Rh3 50. Rc4 Kh7 51. Ra4 Kh6 52. Rxa3 Rxa3+ 53. Kxa3 Kh5 1/2-1/2


[Site "https://www.chess.com"]

[Event "Titled Tuesday Blitz May 25 2021"]
[White "Stoleriu, George"]
[Black "Martinez Alcantara, Jose Eduardo"]
[WhiteFideId "1227505"]
[BlackFideId "3805662"]
[WhiteElo "2227"]
[BlackElo "2690"]
[Result "0-1"]
[Round "10"]
[TimeControl "180+1"]
[Date "2021.05.25"]
[WhiteClock "0:00:02"]
[BlackClock "0:00:04"]

1. e4 c5 2. Nf3 d6 3. Bb5+ Nd7 4. d4 cxd4 5. Qxd4 Nf6 6. O-O a6 7. Bxd7+ Bxd7 8. c4 e5 9. Qd3 b5 10. Nc3 b4 11. Nd5 Nxd5 12. Qxd5 f6 13. Rd1 Qc8 14. Qd3 a5 15. Ne1 Be7 16. Nc2 O-O 17. Ne3 Be6 18. Nd5 Bd8 19. Be3 f5 20. f3 Qb7 21. Rd2 h6 22. a4 fxe4 23. fxe4 b3 24. Ra3 Rb8 25. h3 Bh4 26. Nb6 Qf7 27. Ra1 Qg6 28. Kh1 Bg3 29. Bg1 Bf4 30. Rdd1 Qh5 31. Rf1 Kh8 32. Nd5 g5 33. Rae1 Rbe8 34. Qc3 Kg8 35. Nc7 Re7 36. Nxe6 Rxe6 37. Qf3 g4 38. Qxg4+ Qxg4 39. hxg4 Rc8 40. g3 Bg5 41. Rf3 Rxc4 42. Rxb3 Rxa4 43. Rb7 Re7 44. Rxe7 Bxe7 45. Kg2 Rb4 46. Re2 Rb3 47. Kh3 Kf7 48. Kg2 Ke6 49. Be3 Bg5 50. Bxg5 hxg5 51. Kf2 a4 52. Rd2 Kd7 53. Rc2 Rb4 54. Kf3 Rb3+ 55. Kf2 Ke7 56. Rd2 Ke6 57. Rc2 d5 58. Rc6+ Kd7 59. exd5 Rxb2+ 60. Ke3 a3 61. Ra6 a2 62. Ke4 Re2+ 63. Kf5 e4 64. Kxg5 e3 65. Kf4 Kc7 66. Kf3 Kb7 67. Ra3 Rc2 68. Kxe3 Rc3+ 69. Rxc3 a1=Q 70. Rd3 Qe1+ 71. Kf4 Kc7 72. d6+ Kd7 73. g5 Qf1+ 74. Rf3 Qh3 75. Ke5 Qh8+ 76. Kf5 Kxd6 77. Rd3+ Ke7 78. Re3+ Kf7 79. g6+ Kf8 80. g4 Qd4 81. Rf3 Kg7 82. Kg5 Qd2+ 83. Kh5 Qh6# 0-1


[Site "https://www.chess.com"]

[Event "Titled Tuesday Blitz May 25 2021"]
[White "Sumaneev, Dmitry"]
[Black "Csonka, Balazs"]
[WhiteFideId "4125312"]
[BlackFideId "742910"]
[WhiteElo "2534"]
[BlackElo "2404"]
[Result "1-0"]
[Round "10"]
[TimeControl "180+1"]
[Date "2021.05.25"]
[WhiteClock "0:00:16"]
[BlackClock "0:00:02"]

1. e4 e5 2. Nc3 Nc6 3. g3 Nf6 4. Bg2 Bc5 5. Nge2 a6 6. O-O d6 7. d3 h5 8. Nd5 h4 9. Be3 hxg3 10. fxg3 Bxe3+ 11. Nxe3 Ng4 12. Nxg4 Bxg4 13. Qd2 Bxe2 14. Qxe2 Qg5 15. c3 Qh6 16. h3 f6 17. b4 Qg6 18. Qf2 Nd8 19. a4 Ne6 20. h4 Ke7 21. d4 Rh6 22. d5 Nf8 23. c4 a5 24. c5 axb4 25. cxd6+ cxd6 26. Rfb1 Nd7 27. Rxb4 Nc5 28. a5 Kf8 29. Kh2 Kg8 30. Rc4 Qf7 31. Bh3 Kh8 32. Bg4 g5 33. h5 Kg7 34. Kg2 Rah8 35. Rh1 Ra8 36. Rxc5 dxc5 37. Qxc5 Qf8 38. Qb6 Kh8 39. Be6 f5 40. exf5 e4 41. Qd4+ Rf6 42. h6 Rxa5 43. Qxe4 Ra2+ 44. Kf3 g4+ 45. Kxg4 1-0


[Site "https://www.chess.com"]

[Event "Titled Tuesday Blitz May 25 2021"]
[White "Taboas Rodriguez, Daniel"]
[Black "Remolar Gallen, Jose"]
[WhiteFideId "2208466"]
[BlackFideId "2215187"]
[WhiteElo "2429"]
[BlackElo "2203"]
[Result "1-0"]
[Round "10"]
[TimeControl "180+1"]
[Date "2021.05.25"]
[WhiteClock "0:02:41"]
[BlackClock "0:01:17"]

1. d4 Nf6 2. Nf3 g6 3. c4 Bg7 4. Nc3 O-O 5. e4 d6 6. Be2 e5 7. dxe5 dxe5 8. Qxd8 Rxd8 9. Bg5 Re8 10. Nd5 Nxd5 11. cxd5 c6 12. Bc4 b5 13. Bb3 a5 14. a4 Bb7 15. Rc1 cxd5 16. Rc7 bxa4 17. Bxa4 Na6 18. Rxb7 Nc5 19. Bxe8 Rxe8 20. Rb5 1-0


[Site "https://www.chess.com"]

[Event "Titled Tuesday Blitz May 25 2021"]
[White "Tarasova, Viktoriya"]
[Black "Herrera Reyes, Jose Antonio"]
[WhiteFideId "4175840"]
[BlackFideId "2274914"]
[WhiteElo "2182"]
[BlackElo "2370"]
[Result "0-1"]
[Round "10"]
[TimeControl "180+1"]
[Date "2021.05.25"]
[WhiteClock "0:00:15"]
[BlackClock "0:00:20"]

1. d4 Nf6 2. c4 c5 3. d5 b5 4. cxb5 a6 5. bxa6 g6 6. Nc3 Bg7 7. e4 O-O 8. a7 Rxa7 9. a4 Qa5 10. Bd2 Qb6 11. Qc2 Na6 12. Nb5 Ra8 13. Bc4 Nb4 14. Qb1 e6 15. dxe6 fxe6 16. Nf3 d5 17. exd5 exd5 18. Be2 Re8 19. Qd1 Nd3+ 20. Kf1 Nxb2 21. Qb3 Nc4 22. Bxc4 dxc4 23. Qxc4+ Be6 24. Qc2 Qxb5+ 25. axb5 Rxa1+ 26. Ne1 Ra2 27. Qc1 Ne4 28. Be3 c4 29. Nc2 c3 30. f3 Bc4+ 31. Kg1 Nd6 32. Kf2 Bd3 33. Rd1 Rxc2+ 34. Qxc2 Bxc2 35. Rxd6 Bf5 36. b6 c2 37. Rc6 Rb8 38. g4 Bd3 39. Ke1 Bb2 40. Bf4 Rb7 41. Be3 Kf7 42. Rc7+ Rxc7 43. bxc7 Ba6 44. h4 c1=Q+ 45. Bxc1 Bxc1 46. Kf2 Bf4 47. c8=Q Bxc8 48. Kg2 g5 49. Kh3 Kg6 50. h5+ Kf7 51. Kg2 h6 52. Kf2 Ke6 53. Kg2 Kd5 54. Kf2 Kd4 55. Kg2 Bb7 56. Kf2 Kd3 57. Kg2 Ke2 58. Kh3 Bc1 59. Kg2 Bxf3+ 60. Kh3 Kf2 61. Kh2 Bf4+ 62. Kh3 Bg2# 0-1


[Site "https://www.chess.com"]

[Event "Titled Tuesday Blitz May 25 2021"]
[White "Tejedor Fuente, Enrique"]
[Black "Triapishko, Alexandr"]
[WhiteFideId "2299100"]
[BlackFideId "14122286"]
[WhiteElo "2535"]
[BlackElo "2490"]
[Result "0-1"]
[Round "10"]
[TimeControl "180+1"]
[Date "2021.05.25"]
[WhiteClock "0:00:04"]
[BlackClock "0:00:18"]

1. e4 e5 2. Nf3 Nc6 3. Bb5 Bc5 4. O-O Nge7 5. Nxe5 Nxe5 6. d4 a6 7. Be2 Bxd4 8. Qxd4 N7c6 9. Qe3 d6 10. f4 Nd7 11. Nc3 O-O 12. Qg3 Re8 13. Be3 Nf6 14. Bf3 Bf5 15. exf5 Rxe3 16. Rae1 Rxe1 17. Rxe1 Qd7 18. Bxc6 Qxc6 19. Qf2 h5 20. Qd4 Re8 21. Rxe8+ Qxe8 22. h3 Qe1+ 23. Kh2 h4 24. Qd3 Nh5 25. Qf3 Ng3 26. Qd1 Qf2 27. f6 Nf1+ 28. Kh1 Ne3 29. Qg1 Qxg1+ 30. Kxg1 Nxc2 31. Nd5 c6 32. Ne7+ Kh7 33. fxg7 Kxg7 34. Nf5+ Kf6 35. Nxd6 b5 36. a3 Ne1 37. b3 Nd3 38. Ne4+ Kf5 39. Nd6+ Ke6 40. Ne8 a5 41. Nc7+ Kd7 42. Na6 Kc8 43. b4 Kb7 44. Nc5+ Nxc5 45. bxc5 b4 46. axb4 axb4 47. Kf2 b3 48. Kf3 b2 49. Kg4 b1=Q 50. Kxh4 Qg6 51. g4 f5 52. g5 Qh7+ 53. Kg3 Qh5 54. g6 Ka6 55. g7 Qg6+ 56. Kh4 Qxg7 57. Kh5 Qg3 58. Kh6 Qxf4+ 59. Kg6 Qe4 60. h4 f4+ 61. Kg7 f3 62. h5 f2 63. h6 f1=Q 64. h7 Qe5+ 65. Kg6 Qff6# 0-1


[Site "https://www.chess.com"]

[Event "Titled Tuesday Blitz May 25 2021"]
[White "Terry, Renato"]
[Black "Kamsky, Gata"]
[WhiteFideId "3803457"]
[BlackFideId "2000024"]
[WhiteElo "2581"]
[BlackElo "2644"]
[Result "0-1"]
[Round "10"]
[TimeControl "180+1"]
[Date "2021.05.25"]
[WhiteClock "0:00:18"]
[BlackClock "0:01:19"]

1. e4 c5 2. Nf3 e6 3. Nc3 a6 4. g3 b5 5. Bg2 Bb7 6. d3 d6 7. O-O Be7 8. Be3 Nf6 9. Ng5 h6 10. Nh3 Nc6 11. f4 d5 12. e5 Nd7 13. Bd2 Nd4 14. Ne2 Nf5 15. c3 Qb6 16. Qe1 d4 17. Bxb7 Qxb7 18. cxd4 cxd4 19. Qf2 Nc5 20. Qf3 Qxf3 21. Rxf3 Na4 22. b3 Nb6 23. g4 Nh4 24. Rg3 Nd5 25. Rc1 Kd7 26. Kf2 Ba3 27. Rc2 Rac8 28. Nxd4 Bc5 29. Rxc5 Rxc5 30. Ng1 Ng6 31. Nge2 h5 32. h3 hxg4 33. hxg4 Rcc8 34. Kf3 Rh2 35. Ke4 Rc2 0-1


[Site "https://www.chess.com"]

[Event "Titled Tuesday Blitz May 25 2021"]
[White "Timofeev, Artyom"]
[Black "Salem, A.R. Saleh"]
[WhiteFideId "4140419"]
[BlackFideId "9301348"]
[WhiteElo "2582"]
[BlackElo "2659"]
[Result "0-1"]
[Round "10"]
[TimeControl "180+1"]
[Date "2021.05.25"]
[WhiteClock "0:00:02"]
[BlackClock "0:00:08"]

1. c4 e6 2. Nf3 d5 3. e3 Nf6 4. b3 c5 5. Bb2 Nc6 6. cxd5 exd5 7. Bb5 Bd6 8. O-O O-O 9. d4 cxd4 10. Nxd4 Bc7 11. h3 Nxd4 12. Bxd4 Qd6 13. f4 a6 14. Be2 Ne4 15. Nd2 Ng3 16. Rf3 Qg6 17. Kh2 Nxe2 18. Qxe2 f6 19. Rc1 Qf7 20. Qd3 Re8 21. Rg3 Bd6 22. Nf3 Bd7 23. Nh4 Re4 24. Qc3 Kh8 25. Nf3 Rae8 26. Qa5 Bc6 27. Qd2 h6 28. a4 Kh7 29. Qd3 Qh5 30. Nd2 g5 31. Nxe4 dxe4 32. Qf1 Qh4 33. Bxf6 Rf8 34. Rg4 Qh5 35. Bd4 Bd7 36. Qe2 Bxg4 37. Qxg4 Qxg4 38. hxg4 gxf4 39. Kg1 f3 40. Rf1 Kg6 41. gxf3 exf3 42. Kf2 Kg5 43. Rg1 Rf7 44. Bb2 b5 45. axb5 axb5 46. Bd4 b4 47. Bb2 Rf8 48. Bd4 Rf7 49. Bb2 Bh2 50. Rh1 Bc7 51. Rg1 Bb6 52. Bd4 Bxd4 53. exd4 Kf4 54. Rg3 Ke4 55. g5 hxg5 56. Rxg5 Kxd4 57. Rg8 Kc3 58. Rb8 Kxb3 0-1


[Site "https://www.chess.com"]

[Event "Titled Tuesday Blitz May 25 2021"]
[White "Vetokhin, Savva"]
[Black "Mikhalevski, Victor"]
[WhiteFideId "44144474"]
[BlackFideId "2801914"]
[WhiteElo "2185"]
[BlackElo "2567"]
[Result "0-1"]
[Round "10"]
[TimeControl "180+1"]
[Date "2021.05.25"]
[WhiteClock "0:00:06"]
[BlackClock "0:00:06"]

1. Nf3 Nf6 2. g3 g6 3. Bg2 Bg7 4. O-O O-O 5. d4 d5 6. c3 Nbd7 7. Nbd2 b6 8. e4 dxe4 9. Ng5 Bb7 10. Ngxe4 Qc8 11. Re1 Re8 12. Nxf6+ Nxf6 13. Bxb7 Qxb7 14. Qf3 Qd5 15. a4 c5 16. Qxd5 Nxd5 17. dxc5 bxc5 18. Ne4 c4 19. Nd2 Rec8 20. Re4 Nf6 21. Rxc4 Rd8 22. Kf1 Rd7 23. Ke2 Rad8 24. Nf3 e5 25. Be3 Nd5 26. a5 f5 27. Bc5 h6 28. Kf1 Rc8 29. b4 Kf7 30. Re1 e4 31. Nd4 a6 32. g4 Kf6 33. Nxf5 Rxc5 34. Rxc5 gxf5 35. Rc6+ Kg5 36. Rxa6 Bxc3 37. Rb1 Nxb4 38. Rb6 Nd5 39. Rc6 Bxa5 40. Rc5 Bd8 41. Rbb5 Nf4 42. Rxf5+ Kxg4 43. Ke1 Be7 44. h3+ Nxh3 45. Rfe5 Ng5 46. Ke2 Bf6 47. Re8 Ra7 48. Rb6 Bd4 49. Rxh6 Ra2+ 50. Kd1 Rxf2 51. Rg6 e3 52. Rd6 Nf3 53. Rxd4+ Nxd4 54. Rxe3 Kf4 55. Rh3 Nf3 56. Rh8 Ke3 57. Re8+ Kd3 58. Rd8+ Nd4 59. Ke1 Rf7 60. Re8 Nc2+ 61. Kd1 Rf1+ 0-1


[Site "https://www.chess.com"]

[Event "Titled Tuesday Blitz May 25 2021"]
[White "Vlassov, Nikolai"]
[Black "Tronenkovs, Valdis"]
[WhiteFideId "4103360"]
[BlackFideId "11601558"]
[WhiteElo "2407"]
[BlackElo "2232"]
[Result "1/2-1/2"]
[Round "10"]
[TimeControl "180+1"]
[Date "2021.05.25"]
[WhiteClock "0:00:41"]
[BlackClock "0:00:06"]

1. e4 c5 2. c3 Nf6 3. e5 Nd5 4. d4 cxd4 5. cxd4 Nc6 6. Nc3 Nxc3 7. bxc3 d6 8. f4 g5 9. fxg5 dxe5 10. Nf3 exd4 11. cxd4 Bg7 12. Be3 Bg4 13. Bc4 O-O 14. O-O Nxd4 15. Rb1 Nxf3+ 16. gxf3 Qxd1 17. Rbxd1 Bh3 18. Rfe1 a6 19. Bd5 Bc3 20. Re2 Rad8 21. Bc5 Be6 22. Rxe6 Rxd5 23. Rxd5 fxe6 24. Rd7 Rxf3 25. Rxb7 Rf5 26. Bxe7 Bd4+ 27. Kg2 Rf2+ 28. Kg3 Rxa2 29. h4 Be5+ 30. Kg4 Ra4+ 31. Kh5 Bg3 32. g6 hxg6+ 33. Kxg6 Rg4+ 34. Bg5 Kf8 35. Rf7+ Ke8 36. Re7+ Kf8 37. Rxe6 Bxh4 38. Kh5 Rxg5+ 39. Kxh4 Ra5 40. Kg4 Kf7 41. Rh6 Ke7 42. Kf4 Kd7 43. Ke4 Kc7 44. Kd4 Kb7 45. Kc4 Rb5 46. Rg6 Rb1 47. Rf6 a5 48. Rf5 Ka6 49. Rf6+ Kb7 50. Kc3 Rb6 51. Rf5 Ka6 52. Rf8 Kb5 53. Rf5+ Ka6 54. Kc2 Rb7 55. Re5 Rb6 56. Rf5 Rb5 57. Rf6+ Rb6 58. Rf5 1/2-1/2


[Site "https://www.chess.com"]

[Event "Titled Tuesday Blitz May 25 2021"]
[White "Woodward, Andy"]
[Black "Tomb, Maroun"]
[WhiteFideId "30953499"]
[BlackFideId "5300398"]
[WhiteElo "2591"]
[BlackElo "2522"]
[Result "0-1"]
[Round "10"]
[TimeControl "180+1"]
[Date "2021.05.25"]
[WhiteClock "0:00:25"]
[BlackClock "0:00:21"]

1. d4 Nf6 2. c4 b5 3. cxb5 a6 4. bxa6 Bxa6 5. Nc3 d5 6. g3 e6 7. Bg2 Nbd7 8. Nf3 c5 9. O-O Be7 10. Bf4 O-O 11. Ne5 Nxe5 12. dxe5 Nd7 13. g4 Qa5 14. Ne4 Rfb8 15. b3 Qb5 16. Nc3 Qb4 17. Qd2 Bb7 18. Rfd1 Nb6 19. a3 Rxa3 20. Rxa3 Qxa3 21. h3 Bc6 22. Qc2 Nd7 23. Rb1 h6 24. Bg3 Qb4 25. Kh2 Bd8 26. Na2 Qb7 27. b4 Bc7 28. f4 Qb5 29. Rc1 c4 30. e3 Ra8 31. Rb1 Ra3 32. Nc3 Qb8 33. b5 Bb7 34. Qb2 Ra5 35. Ne2 Bb6 36. Nd4 Qc7 37. f5 Nc5 38. Nc6 Ra4 39. fxe6 fxe6 40. Rf1 Nd3 41. Qc2 Ra8 42. Nd4 Bxd4 43. exd4 Qd7 44. Qb1 Ra5 45. b6 Rb5 46. Qd1 Rxb6 47. Qf3 Qe7 48. h4 Rb2 49. h5 Nb4 50. Ra1 Nc2 51. Rd1 Rb3 52. Qf2 Ne3 53. Ra1 Nxg2 54. Qxg2 c3 55. Rc1 Rb2 56. Rc2 Qb4 57. Be1 Qxd4 58. Bxc3 Qf4+ 59. Kh3 Rb3 60. Kh4 Qg5+ 61. Kh3 Qxe5 62. Qf3 d4 63. Kh4 Rxc3 64. Rxc3 Bxf3 65. Rxf3 Kh7 66. g5 Qxg5+ 67. Kh3 Qxh5+ 68. Kg3 Qxf3+ 69. Kxf3 g5 70. Ke4 e5 71. Kxe5 d3 72. Kf6 d2 73. Kf7 d1=Q 74. Kf8 Qf3+ 75. Ke7 Qf5 76. Ke8 Qg6+ 77. Ke7 g4 78. Kf8 Qg7+ 79. Ke8 g3 80. Kd8 Kg6 81. Ke8 Kf6 82. Kd8 Ke6 83. Ke8 h5 84. Kd8 h4 85. Kc8 h3 86. Kb8 h2 87. Kc8 g2 88. Kb8 Kd6 89. Ka8 Kc6 90. Kb8 Qb7# 0-1


[Site "https://www.chess.com"]

[Event "Titled Tuesday Blitz May 25 2021"]
[White "Xiong, Jeffery"]
[Black "Abdusattorov, Nodirbek"]
[WhiteFideId "2047640"]
[BlackFideId "14204118"]
[WhiteElo "2724"]
[BlackElo "2662"]
[Result "1-0"]
[Round "10"]
[TimeControl "180+1"]
[Date "2021.05.25"]
[WhiteClock "0:02:07"]
[BlackClock "0:00:13"]

1. e4 e5 2. Nf3 Nc6 3. Nc3 Nf6 4. d4 exd4 5. Nxd4 Bb4 6. Nxc6 bxc6 7. Bd3 O-O 8. O-O d5 9. exd5 cxd5 10. Qf3 c6 11. h3 Rb8 12. Bf4 Bd6 13. b3 Be6 14. Ne2 c5 15. Rad1 Re8 16. Rfe1 Bxf4 17. Nxf4 Qd6 18. Qg3 Red8 19. Re2 Rb4 20. c4 d4 21. Rde1 Bd7 22. Re5 Rb6 23. Qh4 Rbb8 24. Nd5 h6 25. Nxf6+ Qxf6 26. Qxf6 gxf6 27. Rxc5 Be6 28. Ra5 Rd7 29. Kf1 Kf8 30. Ke2 Ke7 31. Kd2 Rc7 32. Re4 Rd7 33. g4 h5 34. Rxh5 Rb6 35. f4 1-0


[Site "https://www.chess.com"]

[Event "Titled Tuesday Blitz May 25 2021"]
[White "Yoo, Christopher Woojin"]
[Black "Makhnev, Denis"]
[WhiteFideId "30909694"]
[BlackFideId "13707647"]
[WhiteElo "2009"]
[BlackElo "2549"]
[Result "1-0"]
[Round "10"]
[TimeControl "180+1"]
[Date "2021.05.25"]
[WhiteClock "0:00:07"]
[BlackClock "0:00:09"]

1. e4 c6 2. d4 d5 3. exd5 cxd5 4. c4 Nf6 5. Nc3 Nc6 6. Nf3 e6 7. cxd5 exd5 8. Bb5 Bd6 9. O-O O-O 10. Bg5 Bg4 11. Bxc6 bxc6 12. h3 Bh5 13. g4 Bg6 14. Ne5 Qc7 15. Bxf6 gxf6 16. Nxg6 hxg6 17. Rc1 Qb6 18. b3 Rac8 19. Qd3 Rfe8 20. Rc2 Kg7 21. Rfc1 Qb7 22. Na4 Ba3 23. Rd1 Qb5 24. Nc5 Bxc5 25. Rxc5 Qxd3 26. Rxd3 Re2 27. a4 Rb2 28. Rdc3 Rd2 29. Rxd5 cxd5 30. Rxc8 Rxd4 31. Rd8 g5 32. Kg2 f5 33. gxf5 Kf6 34. Rd7 a5 35. Ra7 Rb4 36. Rxa5 Rxb3 37. Rxd5 Ra3 38. a5 Rb3 39. f3 Ra3 40. Kg3 Ra4 41. Rb5 Rc4 42. Rb7 Ra4 43. Ra7 Ke5 44. Rxf7 Rxa5 45. Kg4 Ra1 46. Re7+ Kf6 47. Re6+ Kf7 48. Kxg5 Rg1+ 49. Kf4 Rh1 50. Rh6 Kg7 51. Rg6+ Kf7 52. Rg3 Kf6 53. Kg4 Rd1 54. f4 Rh1 55. h4 Rh2 56. h5 Rh1 57. Rg2 Rd1 58. h6 Rh1 59. Ra2 Rg1+ 60. Kh3 Rh1+ 61. Rh2 Rf1 62. Kg4 Rg1+ 63. Kf3 Rg8 64. h7 Rh8 65. Kg4 Kg7 66. Kg5 1-0


[Site "https://www.chess.com"]

[Event "Titled Tuesday Blitz May 25 2021"]
[White "Yuan, Qingyu"]
[Black "Quintin Navarro, Alberto"]
[WhiteFideId "8609772"]
[BlackFideId "2292688"]
[WhiteElo "2359"]
[BlackElo "2289"]
[Result "1-0"]
[Round "10"]
[TimeControl "180+1"]
[Date "2021.05.25"]
[WhiteClock "0:00:06"]
[BlackClock "0:00:01"]

1. e4 e5 2. Nf3 Nc6 3. Bc4 Nf6 4. Ng5 d5 5. exd5 Na5 6. Bb5+ c6 7. dxc6 bxc6 8. Bd3 Ng4 9. Nf3 f5 10. h3 e4 11. hxg4 exd3 12. cxd3 fxg4 13. Qe2+ Be7 14. Ne5 Qd5 15. Qe4 Be6 16. Nc3 Qxe4+ 17. dxe4 Bf6 18. Nd3 O-O-O 19. Nc5 Bf7 20. d3 Bd4 21. N3a4 Nb7 22. Nxb7 Kxb7 23. Ke2 h5 24. Be3 h4 25. Bg5 Bf6 26. Be3 h3 27. gxh3 gxh3 28. Nc5+ Kc8 29. Rag1 Bxb2 30. Rg3 Bxa2 31. Rgxh3 Rxh3 32. Rxh3 a5 33. f4 Bb1 34. Bd2 Ba3 35. Na4 Bc2 36. Nb6+ Kb7 37. Bxa5 Rd4 38. Bc3 Rd6 39. Nc4 Rg6 40. Nxa3 Rg2+ 41. Ke3 Bb3 42. Nc4 Kc7 43. Bxg7 Rxg7 44. Ne5 1-0


[Site "https://www.chess.com"]

[Event "Titled Tuesday Blitz May 25 2021"]
[White "Zhigalko, Sergei"]
[Black "Costachi, Mihnea"]
[WhiteFideId "13502956"]
[BlackFideId "1217518"]
[WhiteElo "2662"]
[BlackElo "2479"]
[Result "1-0"]
[Round "10"]
[TimeControl "180+1"]
[Date "2021.05.25"]
[WhiteClock "0:02:09"]
[BlackClock "0:02:00"]

1. e4 e5 2. Nf3 Nc6 3. Bc4 Bc5 4. b4 Bxb4 5. c3 Ba5 6. d4 exd4 7. O-O Nge7 8. Ng5 d5 9. Nxf7 Ne5 10. Nxd8 Nxc4 11. exd5 Kxd8 12. Qa4 b5 13. Qxb5 d3 14. Qxc4 Bf5 15. Bg5 Re8 16. d6 cxd6 17. Qd5 Be4 18. Qxe4 1-0


[Site "https://www.chess.com"]

[Event "Titled Tuesday Blitz May 25 2021"]
[White "Zubov, Alexander"]
[Black "Quparadze, Giga"]
[WhiteFideId "14109409"]
[BlackFideId "13602250"]
[WhiteElo "2740"]
[BlackElo "2658"]
[Result "1-0"]
[Round "10"]
[TimeControl "180+1"]
[Date "2021.05.25"]
[WhiteClock "0:00:13"]
[BlackClock "0:00:05"]

1. d4 Nf6 2. c4 e6 3. Nf3 b6 4. a3 c6 5. Bf4 d5 6. e3 Bb7 7. Nc3 a6 8. Rc1 Be7 9. cxd5 cxd5 10. Bd3 O-O 11. O-O b5 12. a4 b4 13. Ne2 Nc6 14. Ne5 Nxe5 15. Bxe5 Rc8 16. Rxc8 Qxc8 17. Nc1 Nd7 18. Bg3 Qc6 19. a5 Rc8 20. Nb3 Qa4 21. Bc2 Qb5 22. Qd3 Qxd3 23. Bxd3 Kf8 24. f3 Ke8 25. Kf2 h5 26. h4 Rc6 27. Ke2 Nf8 28. Be5 f6 29. Bf4 Kf7 30. g4 Ng6 31. Bg3 hxg4 32. fxg4 Nf8 33. h5 Kg8 34. e4 Rc8 35. e5 Nd7 36. Bh4 Bd8 37. exf6 Bxf6 38. Bxf6 Nxf6 39. Nc5 Rc7 40. Ra1 Nxg4 41. Nxb7 Rxb7 42. Bxa6 Ra7 43. Bc8 Kf7 44. a6 Nf6 45. Ra4 Nxh5 46. Rxb4 Kf6 47. Rb8 Nf4+ 48. Ke3 Ng2+ 49. Kd2 Nh4 50. b4 Nf5 51. b5 Nd6 52. b6 Nc4+ 53. Kd3 Nxb6 54. Rxb6 Ke7 55. Bxe6 1-0


[Site "https://www.chess.com"]